 Dungeon Crawl Stone Soup version 0.18-a0-1211-g828307d (webtiles) character file.

16 ololoev the Firebug (level 2, 0/15 HPs)
             Began as a Deep Elf Fire Elementalist on Feb 2, 2016.
             Slain by a worker ant (8 damage)
             ... on level 3 of the Dungeon.
             The game lasted 00:02:05 (252 turns).

ololoev the Firebug (Deep Elf Fire Elementalist)     Turns: 252, Time: 00:02:05

Health: 0/15       AC:  2    Str:  5    XL:     2   Next: 37%
Magic:  0/8        EV: 13    Int: 19    God:
Gold:   51         SH:  0    Dex: 15    Spells: 1 memorised, 6 levels left

rFire  . . .     SeeInvis .     (no weapon)
rCold  . . .     Gourm    .     a - +0 robe
rNeg   . . .     Faith    .     (no shield)
rPois  .         Spirit   .     (no helmet)
rElec  .         Dismiss  .     (no cloak)
rCorr  .         Reflect  .     (no gloves)
SustAt .         Harm     .     (no boots)
MR     .....                    (no amulet)
Stlth  +.........               (no ring)
                                m - ring of loudness

@: not resistant to hostile enchantments, very unstealthy
A: no striking features
a: no special abilities

Inventory:

Armour
 a - a +0 robe (worn)
Jewellery
 m - a ring of loudness (left hand)
Potions
 e - a potion of agility {unknown}
 g - a potion of might
 h - a potion of curing
 i - a potion of cure mutation {unknown}
 n - a potion of mutation {unknown}
Books
 b - a book of Flames

   Spells                             Type                      Level
   a - Flame Tongue                   Conjuration/Fire             1
   b - Throw Flame                    Conjuration/Fire             2
   c - Conjure Flame                  Conjuration/Fire             3
   d - Inner Flame                    Hexes/Fire                   3
   e - Sticky Flame                   Conjuration/Fire             4
   f - Fireball                       Conjuration/Fire             5
Comestibles
 c - a bread ration
 l - a chunk of flesh


   Skills:
 - Level 2.4 Dodging
 - Level 2.4 Stealth
 + Level 3.2 Spellcasting
 * Level 1.9 Conjurations
 + Level 3.7 Fire Magic


You had 6 spell levels left.
You knew the following spells:

 Your Spells              Type           Power        Failure   Level  Hunger
a - Flame Tongue          Conj/Fire      ##...        6%          1    None


You were on level 3 of the Dungeon.
You were not hungry.

You visited 1 branch of the dungeon, and saw 3 of its levels.

You collected 51 gold pieces.

.#
########.#
#.........
#.........
#.........
#........#
###.a......#
#...@...#
+...<...#
#.......#
#.......#
#.......#
#.......#
#########

Notes
Turn   | Place    | Note
--------------------------------------------------------------
     0 | D:1      | ololoev the Deep Elf Fire Elementalist began the quest for the Orb.
     0 | D:1      | Reached XP level 1. HP: 10/10 MP: 6/6
   108 | D:2      | Reached XP level 2. HP: 10/15 MP: 4/8
   125 | D:2      | Found an ancient bone altar of Kikubaaqudgha.
   212 | D:2      | Found a snail-covered altar of Cheibriados.
   252 | D:3      | Slain by a worker ant

Dungeon Overview and Level Annotations

Branches:
Dungeon (3/15)

Altars:
Cheibriados
Kikubaaqudgha


Message History

Unknown command.
Casting: Flame Tongue
Confirm with . or Enter, or press ? or * to list all spells.
Aiming: Flame Tongue
Press: ? - help, Shift-Dir - straight line, f - worker ant
Aim: a worker ant The flame tongue hits the worker ant.
The worker ant appears unharmed.
Casting: Flame Tongue
Confirm with . or Enter, or press ? or * to list all spells.
Aiming: Flame Tongue
Press: ? - help, Shift-Dir - straight line, f/p - worker ant
Aim: a worker ant The flame tongue hits the worker ant.
The worker ant is lightly wounded.
Casting: Flame Tongue
Confirm with . or Enter, or press ? or * to list all spells.
Aiming: Flame Tongue
Press: ? - help, Shift-Dir - straight line, f/p - worker ant
Aim: a worker ant (lightly wounded)
The flame tongue hits the worker ant.
The worker ant appears unharmed.
The worker ant is lightly wounded.
The worker ant misses you.
Casting: Flame Tongue
Confirm with . or Enter, or press ? or * to list all spells.
Aiming: Flame Tongue
Press: ? - help, Shift-Dir - straight line, f/p - worker ant
Aim: a worker ant (lightly wounded)
The flame tongue misses the worker ant.
The worker ant barely misses you.
The worker ant waves its antennae.
The worker ant bites you!
Casting: Flame Tongue
Confirm with . or Enter, or press ? or * to list all spells.
Aiming: Flame Tongue
Press: ? - help, Shift-Dir - straight line, f/p - worker ant
Aim: a worker ant (lightly wounded)
The flame tongue hits the worker ant.
The worker ant is moderately wounded.
The worker ant bites you!
Ouch! That really hurt!
You die...

You could see a worker ant.

Vanquished Creatures
  A worm (D:2)
  A goblin (D:1)
  A hobgoblin (D:1)
  3 jackals (D:1)
  3 giant newts
  A kobold (D:2)
  4 rats (D:2)
14 creatures vanquished.

Action                   || total
-------------------------++-------
Melee: Unarmed           ||     4
 Cast: Flame Tongue      ||    28
  Use: Scroll            ||     4

Vault maps used:
D:1:      dpeg_arrival_arbitrary_b, grunt_decor_fettered, monster_avoids_cloud
D:2:      old_standard_altar, kiku_gazebo_garden_becter
D:3:      kennysheep_decorative_pillar, minmay_fountain_box
